 Dungeon Crawl Stone Soup version 0.26-a0-682-g294304f6e8 (webtiles) character file.

Game seed: 5615528250623598712

8427 PentaManta the Fighter (level 11, -4/97 HPs)
             Began as a Ghoul Fighter on Oct 20, 2020.
             Was a Priest of Makhleb.
             Slain by a hornet (12 damage)
             ... on level 9 of the Dungeon.
             The game lasted 00:32:36 (11872 turns).

PentaManta the Fighter (Ghoul Fighter)             Turns: 11872, Time: 00:32:37

Health: -4/97      AC:  6    Str: 24    XL:     11   Next: 30%
Magic:  10/10      EV: 13    Int:  3    God:    Makhleb [***...]
Gold:   472        SH: 11    Dex: 14    Spells: 10/10 levels left

rFire    . . .     SeeInvis .     - Unarmed
rCold    + . .     Faith    .   b - +0 kite shield
rNeg     + + +     Spirit   .   c - +0 swamp dragon scales
rPois    ∞         Reflect  .   y - +0 helmet
rElec    .         Harm     .   j - +2 cloak
rCorr    .         Rampage  .   (no gloves)
MR       .....                  (no boots)
Stlth    +.........             g - amulet of the acrobat
HPRegen  0.00/turn              (no ring)
MPRegen  0.12/turn              x - +6 ring of dexterity

@: mighty, corroded
A: rotting body, claws 1, cold resistance 1, negative energy resistance 3,
inhibited regeneration, torment resistance, unbreathing
a: Minor Destruction, Lesser Servant of Makhleb, Renounce Religion


You were on level 9 of the Dungeon.
You worshipped Makhleb.
Makhleb was most pleased with you.
You visited 2 branches of the dungeon, and saw 11 of its levels.

You collected 472 gold pieces.

Inventory:

Hand Weapons
 q - a +0 hunting sling
Missiles
 r - 131 sling bullets
 s - 239 stones
 t - 11 javelins (quivered)
 u - 25 boomerangs
 C - 34 poisoned darts
 G - a throwing net
Armour
 b - a +0 kite shield (worn)
 c - +0 swamp dragon scales (worn)
 j - a +2 cloak (worn)
 y - a +0 helmet (worn)
 D - a +0 chain mail
 O - a scarf of shadows
Jewellery
 e - an uncursed ring of protection from cold
 g - an amulet of the acrobat (around neck)
 w - an uncursed ring of protection from cold
 x - a +6 ring of dexterity (right claw)
 B - an uncursed amulet of faith
Wands
 n - a wand of flame (33)
 E - a wand of polymorph (2)
 F - a wand of enslavement (19)
 M - a wand of random effects (5)
Scrolls
 a - a scroll of torment {unknown}
 f - 2 scrolls of amnesia {unknown}
 h - 4 scrolls of magic mapping {unknown}
 k - 6 scrolls of remove curse
 l - 3 scrolls of fog
 o - 14 scrolls of teleportation
 z - a scroll of random uselessness {unknown}
 A - 2 scrolls of immolation {unknown}
 H - a scroll of enchant weapon {unknown}
 I - a scroll of blinking {unknown}
 J - a scroll of silence {unknown}
 K - 2 scrolls of identify
 Q - a scroll of noise {unknown}
Potions
 d - a potion of flight
 i - 3 potions of haste
 m - 3 potions of invisibility
 p - 2 potions of resistance
 v - a potion of brilliance
 P - a potion of heal wounds {unknown}


   Skills:
 * Level 9.1 Fighting
 * Level 7.5 Armour
 * Level 6.9 Dodging
 * Level 7.5 Shields
 + Level 9.1 Unarmed Combat


You had 10 spell levels left.
You didn't know any spells.
Your spell library contained the following spells:

 Spells                   Type           Power        Failure   Level
 Animate Skeleton         Necr           #.....       93%         1
 Corona                   Hex            #......      93%         1
 Magic Dart               Conj           #...         93%         1
 Pain                     Necr           #...         93%         1
 Ensorcelled Hibernation  Hex/Ice        #.....       98%         2
 Searing Ray              Conj           #.....       98%         2
 Confusing Touch          Hex            #.......     100%        3
 Dazzling Flash           Conj/Hex       #.....       100%        3
 Tukima's Dance           Hex            #.......     100%        3
 Vampiric Draining        Necr           #.........   100%        3
 Animate Dead             Necr           #.........   100%        4
 Fulminant Prism          Conj/Hex       #.........   100%        4
 Iskenderun's Mystic Bla  Conj/Tloc      #.......     100%        4
 Agony                    Necr           #.......     100%        5


Dungeon Overview and Level Annotations

Branches:
Dungeon (10/15)            Temple (1/1) D:7            Lair (0/6) D:9
    Orc (0/2) D:9

Altars:
Ashenzari
Cheibriados
Dithmenos
Elyvilon
Fedhas
Gozag
Hepliaklqana
Kikubaaqudgha
Makhleb
Nemelex Xobeh
Okawaru
Qazlal
Ru
Sif Muna
Trog
Uskayaw
Vehumet
Wu Jian
Xom
Yredelemnul
Zin
The Shining One

Shops:
D:7 :!   D:8 :

Annotations:
D:1 1 exclusion
D:5 Kinoniko's ghost, novice OgFi
D:9 1 exclusion


Innate Abilities, Weirdness & Mutations

Your body is rotting away.
You thrive by killing the living.
You are immune to poison.
You have sharp fingernails.
Your flesh is cold resistant. (rC+)
You are immune to negative energy. (rN+++)
You do not regenerate when monsters are visible.
You are immune to unholy pain and torment.
You can survive without breathing.


Message History

The hornet stings you!
* * * LOW HITPOINT WARNING * * *
You claw the hornet!
The hornet is severely wounded.
The hornet closely misses you.
You bump into the rock wall.
You feel less invigorated.
You feel less confused. The hornet stings you.
* * * LOW HITPOINT WARNING * * *
You block the hornet's attack.
You miss the hornet.
The hornet is severely wounded.
The hornet barely misses you.
You claw the hornet!
The hornet is almost dead.
The hornet stings you!
* * * LOW HITPOINT WARNING * * *
You feel very mighty all of a sudden. The hornet completely misses you.
The hornet stings you!
You die...

####################### ###
.........>...oYy@.....# #####..
##.###..#[###########.#####......
#..............# #..#.........
........#...##.#######.#.......##
.....#(.#........................
........##.....########........##
...........###.# #........##
.....####### #.# #####.........
..##.#########.#####......##.....


You could see a yak, a hornet and an orc.

Vanquished Creatures
  3 death yaks (D:8)
  A two-headed ogre (D:8)
  Maggie (D:7)
  2 yaks (D:10)
  Grum (D:9)
  5 ice beasts
  An orc warrior (D:7)
  4 sky beasts
  2 black bears
  A phantom (D:7)
  4 ogres
  An eye of draining (D:9)
  3 wolves (D:9)
  4 centaurs
  4 bullfrogs
  3 gnoll sergeants
  A water moccasin zombie (D:6)
  2 scorpions
  4 killer bees
  5 wights (D:9)
  2 electric eels (D:7)
  A howler monkey (D:6)
  A centaur zombie (D:9)
  6 hounds
  6 jellies
  10 orc wizards
  4 bullfrog skeletons
  10 orc priests
  A centaur skeleton (D:4)
  2 gnoll shamans
  4 iguanas
  Ijyb (D:4)
  2 hell rats (D:9)
  3 worker ants
  2 hound skeletons
  23 gnolls
  15 adders
  2 river rats (D:9)
  A shadow imp (D:8)
  3 white imps
  2 ufetubi
  An ooze (D:4)
  3 worms
  3 dart slugs
  5 leopard geckos
  41 orcs
  4 ball pythons
  8 giant cockroaches
  5 goblins
  4 hobgoblins
  21 jackals
  9 kobolds
  6 quokkas
  4 bats
  2 frilled lizards
  A jackal skeleton (D:6)
  A leopard gecko skeleton (D:4)
  2 quokka skeletons
  9 rats
282 creatures vanquished.

Vanquished Creatures (others)
  2 plants (D:8)
2 creatures vanquished.

Grand Total: 284 creatures vanquished

Notes
Turn   | Place    | Note
-------+----------+-------------------------------------------
     0 | D:1      | PentaManta the Ghoul Fighter began the quest for the Orb.
     0 | D:1      | Reached XP level 1. HP: 19/19 MP: 0/0
    59 | D:1      | Reached XP level 2. HP: 26/26 MP: 1/1
   485 | D:1      | Reached XP level 3. HP: 31/31 MP: 2/2
  1058 | D:2      | Found a sparkling altar of Nemelex Xobeh.
  1107 | D:2      | Reached XP level 4. HP: 38/38 MP: 3/3
  1287 | D:2      | Found a shimmering blue altar of Sif Muna.
  1754 | D:3      | Reached skill level 5 in Unarmed Combat
  1941 | D:3      | Reached XP level 5. HP: 45/45 MP: 4/4
  2953 | D:4      | Found a sacrificial altar of Ru.
  2998 | D:4      | Reached XP level 6. HP: 45/51 MP: 5/5
  3291 | D:4      | Reached skill level 1 in Dodging
  3450 | D:4      | Noticed Ijyb
  3463 | D:4      | Killed Ijyb
  3497 | D:4      | Reached XP level 7. HP: 59/59 MP: 6/6
  3853 | D:5      | Entered Level 5 of the Dungeon
  3989 | D:5      | Found a bloodstained altar of Trog.
  4446 | D:5      | Reached XP level 8. HP: 67/67 MP: 7/7
  4598 | D:5      | Found a bloodstained altar of Trog.
  4598 | D:5      | Found a blossoming altar of Fedhas.
  4605 | D:5      | Found a faded altar of an unknown god.
  4607 | D:5      | Found a faded altar of an unknown god.
  4608 | D:5      | Found an opulent altar of Gozag.
  4748 | D:6      | Reached skill level 5 in Fighting
  5513 | D:6      | Found a runed translucent door.
  5513 | D:6      | Noticed Kinoniko's ghost (novice OgFi)
  5910 | D:4      | Lost intelligence.
  6350 | D:6      | Reached XP level 9. HP: 69/75 MP: 8/8
  6492 | D:6      | Found a runed translucent door.
  6606 | D:6      | Found a basalt altar of Yredelemnul.
  6725 | D:6      | Reached skill level 5 in Armour
  6725 | D:6      | Reached skill level 5 in Shields
  6872 | D:7      | Found a hide-covered altar of Uskayaw.
  6916 | D:6      | Found a stormy altar of Qazlal.
  6918 | D:6      | Found an ornate altar of the Wu Jian Council.
  7084 | D:7      | Found a staircase to the Ecumenical Temple.
  7105 | Temple   | Entered the Ecumenical Temple
  7316 | Temple   | Became a worshipper of Makhleb the Destroyer
  7629 | D:7      | Noticed Maggie
  7657 | D:7      | Killed Maggie
  7995 | D:7      | Found a shadowy altar of Dithmenos.
  8031 | D:7      | Found Comilako's Book Shop.
  8406 | D:7      | Found Posualit's Distillery.
  8647 | D:8      | Found Lohuff's Book Boutique.
  8650 | D:8      | Reached * piety under Makhleb
  8713 | D:8      | Reached skill level 5 in Dodging
  8821 | D:8      | Reached XP level 10. HP: 86/86 MP: 9/9
  9311 | D:8      | Reached ** piety under Makhleb
  9821 | D:9      | Found a staircase to the Lair.
  9822 | D:9      | Noticed a death yak
  9824 | D:9      | Noticed a death yak
  9827 | D:9      | Noticed a death yak
  9881 | D:8      | Killed a death yak
 10314 | D:8      | Killed a death yak
 10454 | D:8      | Killed a death yak
 10603 | D:9      | Reached XP level 11. HP: 89/95 MP: 10/10
 10756 | D:9      | Reached *** piety under Makhleb
 10795 | D:9      | Noticed Grum
 10799 | D:9      | Noticed a two-headed ogre
 11215 | D:8      | Killed a two-headed ogre
 11244 | D:9      | Found a staircase to the Orcish Mines.
 11316 | D:9      | Killed Grum
 11385 | D:9      | Found a glowing silver altar of Zin.
 11530 | D:10     | Entered Level 10 of the Dungeon
 11872 | D:9      | Slain by a hornet

Illustrated notes

Levels and vault maps discovered:
D:1:      minmay_arrival_nine_rooms, layout_basic, minivault_19,
          due_unseen_surprise
D:2:      layout_loops_ring, overflow_temple_1_default, led_sif_pool
D:3:      layout_basic
D:4:      minmay_angry_zag, layout_loops_ring, marbit_many_paths,
          grunt_ministairs_4, uniq_ijyb
D:5:      layout_loops_ring, chequers_temple_overflow_minitemple,
          minmay_misc_feat_diagonals, trog_butcher_becter
D:6:      layout_basic, kennysheep_mini_moat, nicolae_overflow_hidden_temple,
          ebering_ghost_sewer_f, hex_large
D:7:      layout_cave_pools, lemuel_crystal_altar, kennysheep_little_box,
          minmay_temple_entry_large_hall, serial_gnoll_camp,
          gnoll_camp_mini_hut, gnoll_camp_mini_shop, gnoll_camp_mini_hut,
          gnoll_camp_huts_basic, serial_shops, shop_fountains,
          hangedman_decor_push, water_maze_lemuel, uniq_maggie
D:8:      layout_rooms, serial_shops, shop, serial_bayou_crossing
D:9:      layout_basic, zin_scriptorium, dpeg_lair_monsters, orc_0_dummy,
          uniq_grum
D:10:     layout_basic
Temple:   dpeg_chambers_temple

Skill      XL: |  1  2  3  4  5  6  7  8  9 10 11 |
---------------+----------------------------------+-----
Unarmed Combat | 3 4 5 6 7 8 9 |  9.1
Armour         | 3 4 6 7 |  7.5
Dodging        | 1 2 3 5 6 |  6.9
Shields        | 3 4 5 7 |  7.5
Fighting       | 4 5 7 8 9 |  9.1

Action                   |  1- 3 |  4- 6 |  7- 9 | 10-12 || total
-------------------------+-------+-------+-------+-------++-------
Melee: Unarmed           |   110 |   205 |   494 |   354 ||  1163
 Fire: Hunting sling     |       |     1 |       |     4 ||     5
Throw: Boomerang         |       |     2 |       |     1 ||     3
       Javelin           |       |       |       |     3 ||     3
Invok: Minor Destruction |       |       |       |     1 ||     1
  Use: Scroll            |       |       |     9 |     1 ||    10
       Potion            |       |       |     3 |     2 ||     5
Armor: Scale mail        |    38 |    74 |   109 |       ||   221
       Swamp dragon scal |       |       |    60 |    93 ||   153
Dodge: Dodged            |    41 |    41 |   242 |   197 ||   521
Block: Kite shield       |    49 |    75 |   294 |   221 ||   639

Table legend: (Time is in decaauts)
 A = Elapsed time spent in this place.
 B = Non-inter-level travel time spent in this place.
 C = Inter-level travel time spent in this place.
 D = Time resting spent in this place.
 E = Time spent auto-exploring this place.
 F = Levels seen in this place.
 G = Mean time per level.
                   A        B        C        D        E       F      G
               +--------+--------+--------+--------+--------+-----+--------+
         Total |  11841 |  11096 |    745 |   2260 |   6144 |  11 | 1076.5 |
       Dungeon |  11602 |  10902 |    700 |   2260 |   5953 |  10 | 1160.2 |
        Temple |    238 |    193 |     45 |      0 |    191 |   1 |  238.0 |
               +--------+--------+--------+--------+--------+-----+--------+

Top non-repeatable levels by time:
     D:7: 2236 daAuts
     D:4: 1495 daAuts
     D:6: 1382 daAuts
     D:3: 1246 daAuts
     D:9: 1243 daAuts
     D:5: 1186 daAuts
     D:8: 1104 daAuts
     D:2: 855 daAuts
     D:1: 815 daAuts
  Temple: 238 daAuts
    D:10: 36 daAuts
